 Dungeon Crawl Stone Soup version 0.26-a0-808-g930a2b7adc (console) character file.

Game seed: 6230486601576017932

172 Ignak the Insei (level 5, -1/41 HPs)
             Began as a Gnoll Transmuter on Nov 12, 2020.
             Killed from afar by an orc wizard (6 damage)
             ... with a magic dart
             ... on level 4 of the Dungeon.
             The game lasted 00:07:53 (3780 turns).

Ignak the Insei (Gnoll Transmuter)                  Turns: 3780, Time: 00:07:53

Health: -1/41      AC:  6    Str: 12    XL:     5   Next: 52%
Magic:  12/12      EV: 11    Int: 16    God:
Gold:   177        SH:  0    Dex: 16    Spells: 13/14 levels left

rFire    . . .     SeeInvis .   a - +2 falchion (vorpal)
rCold    . . .     Faith    .   (no shield)
rNeg     . . .     Spirit   .   b - +0 chain mail
rPois    .         Reflect  .   (helmet currently unavailable)
rElec    .         Harm     .   (no cloak)
rCorr    .         Rampage  .   (no gloves)
MR       .....                  (boots currently unavailable)
Stlth    ..........             (no amulet)
HPRegen  0.13/turn              o - ring of wizardry
MPRegen  0.13/turn              j - +4 ring of evasion

@: appendages
A: distributed training, fangs 1, horns 1, talons 2, thin metallic scales 1,
deformed body, mutation resistance 1, strong nose
a: End Transformation


You were on level 4 of the Dungeon.
You had grown temporary talons.
You visited 1 branch of the dungeon, and saw 4 of its levels.

You collected 177 gold pieces.

Inventory:

Hand Weapons
 a - a +2 vorpal falchion (weapon)
Missiles
 h - 36 poisoned darts (quivered)
Armour
 b - a +0 chain mail (worn)
 n - a +1 pair of boots (melded)
 r - a +2 helmet of intelligence
Jewellery
 j - a +4 ring of evasion (right hand)
 o - a ring of wizardry (left hand)
Scrolls
 c - 2 scrolls of fog
 g - a scroll of remove curse
 l - 3 scrolls of teleportation
 s - a scroll of identify
Potions
 d - 2 potions of curing
 e - a potion of brilliance
 f - a potion of degeneration {unknown}
 i - a potion of flight {unknown}
 m - a potion of might
 p - a potion of haste {unknown}
 t - a potion of resistance {unknown}


   Skills:
 + Level 3.0 Fighting
 + Level 1.5 Short Blades
 + Level 1.5 Long Blades
 + Level 1.5 Axes
 + Level 1.5 Maces & Flails
 + Level 1.5 Polearms
 + Level 1.5 Staves
 + Level 1.5 Slings
 + Level 1.5 Bows
 + Level 1.5 Crossbows
 + Level 1.5 Throwing
 + Level 1.5 Armour
 + Level 4.8 Dodging
 + Level 1.5 Stealth
 + Level 1.5 Shields
 + Level 6.7 Unarmed Combat
 + Level 5.2 Spellcasting
 + Level 1.2 Conjurations
 + Level 1.2 Hexes
 + Level 1.2 Summonings
 + Level 1.2 Necromancy
 + Level 1.2 Translocations
 + Level 4.0 Transmutations
 + Level 1.2 Fire Magic
 + Level 1.2 Ice Magic
 + Level 1.2 Air Magic
 + Level 1.2 Earth Magic
 + Level 1.2 Poison Magic
 + Level 1.7 Invocations
 + Level 1.5 Evocations


You had 13 spell levels left.
You knew the following spells:

 Your Spells              Type           Power        Failure   Level
z - Beastly Appendage     Tmut           ###...       43%         1

Your spell library contained the following spells:

 Spells                   Type           Power        Failure   Level
 Wereblood                Tmut           ###.....     56%         2
 Spider Form              Tmut/Pois      ##........   92%         3
 Ice Form                 Ice/Tmut       ##......     100%        4
 Blade Hands              Tmut           ###.......   100%        5


Dungeon Overview and Level Annotations

Branches:
Dungeon (4/15)
 Temple: D:4-7

Altars:


Innate Abilities, Weirdness & Mutations

Your experience applies equally to all skills.
You have very sharp teeth.
Your uncanny sense of smell can sniff out nearby items.
You have a pair of small horns on your head.
You have razor-sharp toenails.
You are partially covered in thin metallic scales. (AC +2)
Armour fits poorly on your strangely shaped body.
You are somewhat resistant to further mutation.


Message History

You slash the orc!
You kill the orc!
The orc wizard gestures at you while chanting.
The magic dart hits you!
Things that are here:
a +0 war axe; a +0 dagger The orc wizard hits you with a +0 dagger.
The orc priest hits you with a +0 mace.
The orc wizard gestures wildly while chanting.
The orc wizard blinks!
The orc priest calls down the wrath of Beogh upon you.
Beogh smites you!
* * * LOW HITPOINT WARNING * * *
The orc priest hits you but does no damage.
You hit the orc priest. Your headbutt misses the orc priest.
Your bite misses the orc priest.
The orc priest is heavily wounded.
The orc wizard points at you and mumbles some strange words.
The magic dart hits you.
You die...

..... ##
#...#
≈≈#.#.# ♣.
♣≈#o#.#
♣..♣♣≈#.#.#
.))...o.#.#
.!?/..'.#.##
# #....##.#
#..@o...#
####)####
#.# #.# #.#
# #.#
##..####.#
.........#
#######..#


You could see an orc priest and an orc wizard (fast).

Vanquished Creatures
  Jessica (D:2)
  Natasha (D:4)
  Robin (D:2)
  2 adders
  An ooze (D:3)
  A worm (D:2)
  2 dart slugs (D:2)
  4 leopard geckos
  2 orcs (D:4)
  2 giant cockroaches (D:1)
  12 hobgoblins
  4 jackals (D:2)
  9 kobolds
  A quokka (D:2)
  8 bats
  2 frilled lizards (D:2)
  14 goblins
  8 rats
75 creatures vanquished.

Notes
Turn   | Place    | Note
-------+----------+-------------------------------------------
     0 | D:1      | Ignak the Gnoll Transmuter began the quest for the Orb.
     0 | D:1      | Reached XP level 1. HP: 17/17 MP: 6/6
   382 | D:1      | Reached XP level 2. HP: 6/23 MP: 7/7
  1479 | D:2      | Reached XP level 3. HP: 28/28 MP: 9/9
  1481 | D:2      | Reached skill level 5 in Spellcasting
  1791 | D:2      | Reached skill level 1 in Invocations
  1818 | D:2      | Noticed Robin
  1830 | D:2      | Killed Robin
  1830 | D:2      | Reached skill level 1 in Short Blades
  1830 | D:2      | Reached skill level 1 in Long Blades
  1830 | D:2      | Reached skill level 1 in Axes
  1830 | D:2      | Reached skill level 1 in Maces & Flails
  1830 | D:2      | Reached skill level 1 in Polearms
  1830 | D:2      | Reached skill level 1 in Staves
  1830 | D:2      | Reached skill level 1 in Slings
  1830 | D:2      | Reached skill level 1 in Bows
  1830 | D:2      | Reached skill level 1 in Crossbows
  1830 | D:2      | Reached skill level 1 in Throwing
  1830 | D:2      | Reached skill level 1 in Armour
  1830 | D:2      | Reached skill level 1 in Stealth
  1830 | D:2      | Reached skill level 1 in Shields
  1830 | D:2      | Reached skill level 1 in Evocations
  1854 | D:2      | Reached XP level 4. HP: 23/34 MP: 9/11
  2536 | D:2      | Noticed Jessica
  2544 | D:2      | Killed Jessica
  2544 | D:2      | Reached skill level 1 in Conjurations
  2544 | D:2      | Reached skill level 1 in Hexes
  2544 | D:2      | Reached skill level 1 in Summonings
  2544 | D:2      | Reached skill level 1 in Necromancy
  2544 | D:2      | Reached skill level 1 in Translocations
  2544 | D:2      | Reached skill level 1 in Fire Magic
  2544 | D:2      | Reached skill level 1 in Ice Magic
  2544 | D:2      | Reached skill level 1 in Air Magic
  2544 | D:2      | Reached skill level 1 in Earth Magic
  2544 | D:2      | Reached skill level 1 in Poison Magic
  2821 | D:2      | Reached XP level 5. HP: 39/40 MP: 12/12
  3240 | D:3      | Gained mutation: Armour fits poorly on your strangely
                  | shaped body. [potion of mutation]
  3240 | D:3      | Gained mutation: You are partially covered in thin metallic
                  | scales. (AC +2) [potion of mutation]
  3241 | D:3      | Lost mutation: Armour fits poorly on your strangely shaped
                  | body. [potion of mutation]
  3241 | D:3      | Gained mutation: You have a pair of small horns on your
                  | head. [potion of mutation]
  3241 | D:3      | Gained mutation: Armour fits poorly on your strangely
                  | shaped body. [potion of mutation]
  3241 | D:3      | Gained mutation: You are somewhat resistant to further
                  | mutation. [potion of mutation]
  3570 | D:4      | Noticed Natasha
  3580 | D:4      | Killed Natasha
  3780 | D:4      | Killed from afar by an orc wizard

Illustrated notes

Levels and vault maps discovered:
D:1:      dpeg_arrival_pond, layout_basic
D:2:      minmay_door_path, layout_loops_ring, uniq_robin, uniq_jessica
D:3:      layout_loops_ring, chequers_arboretum
D:4:      layout_loops_ring, chequers_ossuary_entry_cave,
          kennysheep_generic_room_5, uniq_natasha

Skill      XL: |  1  2  3  4  5 |
---------------+----------------+-----
Spellcasting   | 5 |  5.2
Invocations    | 1 |  1.7
Short Blades   | 1 |  1.5
Long Blades    | 1 |  1.5
Axes           | 1 |  1.5
Maces & Flails | 1 |  1.5
Polearms       | 1 |  1.5
Staves         | 1 |  1.5
Slings         | 1 |  1.5
Bows           | 1 |  1.5
Crossbows      | 1 |  1.5
Throwing       | 1 |  1.5
Armour         | 1 |  1.5
Stealth        | 1 |  1.5
Shields        | 1 |  1.5
Evocations     | 1 |  1.5
Conjurations   | 1 |  1.2
Hexes          | 1 |  1.2
Summonings     | 1 |  1.2
Necromancy     | 1 |  1.2
Translocations | 1 |  1.2
Fire Magic     | 1 |  1.2
Ice Magic      | 1 |  1.2
Air Magic      | 1 |  1.2
Earth Magic    | 1 |  1.2
Poison Magic   | 1 |  1.2
Fighting       | 3 |  3.0
Transmutations | 4 |  4.0
Dodging        | |  4.8
Unarmed Combat | |  6.7

Action                   |  1- 3 |  4- 6 || total
-------------------------+-------+-------++-------
Melee: Dagger            |    59 |       ||    59
       Unarmed           |     9 |       ||     9
       Punch             |     4 |     3 ||     7
       Bite              |    20 |    16 ||    36
       Whip              |   125 |   144 ||   269
       Kick              |     8 |     8 ||    16
       Headbutt          |     2 |     6 ||     8
       Falchion          |       |    20 ||    20
Throw: Dart              |       |    35 ||    35
 Cast: Beastly Appendage |     3 |     8 ||    11
  Use: Scroll            |     1 |     4 ||     5
       Potion            |       |     3 ||     3
Armor: Chain mail        |   121 |    70 ||   191
       Robe              |     2 |       ||     2
Dodge: Dodged            |   102 |   101 ||   203
       Rpst.: Falchion   |       |     4 ||     4

Table legend: (Time is in decaauts)
 A = Elapsed time spent in this place.
 B = Non-inter-level travel time spent in this place.
 C = Inter-level travel time spent in this place.
 D = Time resting spent in this place.
 E = Time spent auto-exploring this place.
 F = Levels seen in this place.
 G = Mean time per level.
                   A        B        C        D        E       F      G
               +--------+--------+--------+--------+--------+-----+--------+
         Total |   3798 |   3709 |     89 |    469 |   2020 |   4 |  949.5 |
       Dungeon |   3798 |   3709 |     89 |    469 |   2020 |   4 |  949.5 |
               +--------+--------+--------+--------+--------+-----+--------+

Top non-repeatable levels by time:
     D:2: 1464 daAuts
     D:1: 1432 daAuts
     D:3: 684 daAuts
     D:4: 217 daAuts
